[Event "Titled Tuesday Blitz December 27 Late 2022"]
[White "Kavutskiy, Konstantin"]
[Black "Bryakin, Mikhail"]
[WhiteFideId "2026384"]
[BlackFideId "4165314"]
[WhiteElo "2414"]
[BlackElo "2455"]
[Result "0-1"]
[Round "06"]
[TimeControl "180+2"]
[Date "2022.12.27"]
[WhiteClock "0:00:01"]
[BlackClock "0:00:40"]

1. d4 g6 2. e4 Bg7 3. c4 c6 4. Nc3 d6 5. h3 a6 6. Nf3 b5 7. Be3 Nf6 8. a3 bxc4 9. Bxc4 d5 10. Bd3 dxe4 11. Nxe4 Nd5 12. O-O Nxe3 13. fxe3 O-O 14. Rc1 a5 15. Bc4 Bf5 16. Nfg5 e6 17. Bd3 Nd7 18. Qe1 Rb8 19. Rc2 e5 20. g4 Bxe4 21. Nxe4 exd4 22. Bc4 Ne5 23. Ba2 Kh8 24. Kh1 d3 25. Rg2 Qe7 26. g5 f5 27. gxf6 Bxf6 28. Nxf6 Rxf6 29. Rxf6 Qxf6 30. Rf2 Qg5 31. Qc3 Qxe3 32. Kg2 Re8 33. b4 Qe4+ 34. Kg1 axb4 35. axb4 Kg7 36. Rf7+ Kh6 37. Qd2+ g5 38. Rf6+ Ng6 39. Rf1 Nf4 40. Qf2 Nxh3+ 0-1


[Site "https://www.chess.com"]

[Event "Titled Tuesday Blitz December 27 Late 2022"]
[White "Kho, Darrell"]
[Black "Desideri, Ricardo Maruchi"]
[WhiteFideId "1019317"]
[BlackFideId "2110440"]
[WhiteElo "2075"]
[BlackElo "1959"]
[Result "1-0"]
[Round "06"]
[TimeControl "180+2"]
[Date "2022.12.27"]
[WhiteClock "0:01:40"]
[BlackClock "0:00:34"]

1. e4 c5 2. Nf3 d6 3. d4 cxd4 4. Qxd4 Nf6 5. Be2 a6 6. O-O Nc6 7. Qe3 e6 8. Rd1 Qc7 9. c4 Be7 10. Nc3 b6 11. b3 Bb7 12. Ba3 O-O 13. Rac1 Rfd8 14. Nd5 exd5 15. cxd5 Qd7 16. dxc6 Bxc6 17. Ne5 dxe5 18. Rxd7 Bxa3 19. Rxd8+ Rxd8 20. Rxc6 Bc5 21. Rxc5 1-0


[Site "https://www.chess.com"]

[Event "Titled Tuesday Blitz December 27 Late 2022"]
[White "Kobo, Ori"]
[Black "Schmidt, Harald"]
[WhiteFideId "2812320"]
[BlackFideId "4648358"]
[WhiteElo "2559"]
[BlackElo "2347"]
[Result "1-0"]
[Round "06"]
[TimeControl "180+2"]
[Date "2022.12.27"]
[WhiteClock "0:00:06"]
[BlackClock "0:00:06"]

1. d4 Nf6 2. c4 e6 3. Nc3 Bb4 4. e3 O-O 5. Bd3 d5 6. a3 Be7 7. Qe2 dxc4 8. Bxc4 a6 9. Nf3 b5 10. Bd3 Bb7 11. e4 Nc6 12. Be3 Ng4 13. O-O Nxe3 14. Qxe3 Qd7 15. Rad1 Rfd8 16. Bb1 Na5 17. Rfe1 Nc4 18. Qe2 Bf6 19. h4 c5 20. e5 Be7 21. dxc5 Qc7 22. Qc2 g6 23. Ne4 Bxe4 24. Qxe4 Nxb2 25. Rc1 Nc4 26. Qf4 Qxc5 27. h5 Qxa3 28. hxg6 hxg6 29. Bxg6 fxg6 30. Qh6 Qd3 31. Rcd1 Qf5 32. Nd4 1-0


[Site "https://www.chess.com"]

[Event "Titled Tuesday Blitz December 27 Late 2022"]
[White "Kopacz, Grzegorz"]
[Black "Ptacnikova, Lenka"]
[WhiteFideId "1109880"]
[BlackFideId "305650"]
[WhiteElo "1997"]
[BlackElo "2099"]
[Result "0-1"]
[Round "06"]
[TimeControl "180+2"]
[Date "2022.12.27"]
[WhiteClock "0:00:03"]
[BlackClock "0:00:23"]

1. d4 Nf6 2. Bg5 e6 3. e4 h6 4. Bxf6 Qxf6 5. c3 Nc6 6. Bd3 d6 7. Nd2 e5 8. d5 Nb8 9. Ngf3 Qf4 10. g3 Qf6 11. h3 h5 12. Qe2 g5 13. O-O-O a5 14. Ne1 Nd7 15. f4 Nc5 16. Bc2 exf4 17. gxf4 Qxf4 18. Rf1 Qe5 19. Nef3 Qe7 20. e5 Bxh3 21. Rfe1 O-O-O 22. Qb5 b6 23. Nc4 Bg4 24. exd6 Qd7 25. Nxb6+ cxb6 26. Qxb6 Qxd6 27. Qxa5 Bxf3 28. Bf5+ Kb7 29. Rd4 Na6 30. b4 Qb6 31. Qa3 Rxd5 32. Rxd5 Bxd5 33. Re8 Bg7 0-1


[Site "https://www.chess.com"]

[Event "Titled Tuesday Blitz December 27 Late 2022"]
[White "Korchmar, Vasiliy"]
[Black "Movahed, Sina"]
[WhiteFideId "24131750"]
[BlackFideId "42520835"]
[WhiteElo "2438"]
[BlackElo "2340"]
[Result "1/2-1/2"]
[Round "06"]
[TimeControl "180+2"]
[Date "2022.12.27"]
[WhiteClock "0:00:44"]
[BlackClock "0:00:28"]

1. e4 c5 2. Nf3 d6 3. d4 cxd4 4. Nxd4 Nf6 5. Nc3 g6 6. Be3 a6 7. f3 h5 8. Qd2 Nbd7 9. O-O-O b5 10. Bd3 Bb7 11. Rhe1 Bg7 12. Kb1 Rc8 13. Bg5 O-O 14. Bh6 e6 15. h3 Qb6 16. Bxg7 Kxg7 17. Nb3 Nc5 18. g4 Na4 19. Ne2 hxg4 20. hxg4 Rh8 21. Ng3 b4 22. Be2 d5 23. e5 Nd7 24. Qg5 Qd8 25. Nh5+ Kf8 26. Nf6 Kg7 27. Nh5+ Kg8 28. Nf6+ Kg7 29. Nh5+ 1/2-1/2


[Site "https://www.chess.com"]

[Event "Titled Tuesday Blitz December 27 Late 2022"]
[White "Koutlas, Nikolaos"]
[Black "Della Corte, Alessandro"]
[WhiteFideId "25827138"]
[BlackFideId "813540"]
[WhiteElo "2341"]
[BlackElo "2160"]
[Result "1-0"]
[Round "06"]
[TimeControl "180+2"]
[Date "2022.12.27"]
[WhiteClock "0:00:48"]
[BlackClock "0:01:05"]

1. Nf3 Nf6 2. g3 g6 3. Bg2 Bg7 4. O-O O-O 5. d3 d6 6. c3 e5 7. e4 Nc6 8. h3 h6 9. Nbd2 Be6 10. b4 a6 11. a4 Qd7 12. Kh2 Nh5 13. Nb3 f5 14. exf5 gxf5 15. b5 axb5 16. axb5 Rxa1 17. bxc6 Rxc1 18. Nxc1 bxc6 19. Nxe5 dxe5 20. Qxh5 Bd5 21. Re1 Qf7 22. Qxf7+ Kxf7 23. c4 Bxg2 24. Kxg2 Rd8 25. Kf3 h5 26. Ke2 e4 27. dxe4 fxe4 28. Rd1 Rxd1 29. Kxd1 Ke6 30. Nb3 Ke5 31. Ke2 Bf8 32. Na5 Kd6 33. Ke3 Kc5 34. Kxe4 Bg7 35. Kd3 Bh6 36. Nb3+ Kb4 37. Nd4 Kc5 38. f4 Kd6 39. Nf5+ 1-0


[Site "https://www.chess.com"]

[Event "Titled Tuesday Blitz December 27 Late 2022"]
[White "Kovacevic, Radmila"]
[Black "Pinheiro, Iung Alicio de O."]
[WhiteFideId "933171"]
[BlackFideId "2104350"]
[WhiteElo "2106"]
[BlackElo "2306"]
[Result "0-1"]
[Round "06"]
[TimeControl "180+2"]
[Date "2022.12.27"]
[WhiteClock "0:01:25"]
[BlackClock "0:00:53"]

1. d4 Nf6 2. b3 g6 3. Bb2 Bg7 4. d5 O-O 5. h3 c6 6. dxc6 Nxc6 7. Nf3 d5 8. Nbd2 Qb6 9. e3 Rd8 10. Bd3 Ne4 11. Bxg7 Kxg7 12. Bxe4 dxe4 13. Nh2 Qb4 14. Qe2 Qc3 15. Rd1 Bf5 16. O-O Qxc2 17. g4 Be6 18. Rfe1 Ne5 19. f4 exf3 20. Qf2 Nd3 21. Ndxf3 Qxf2+ 0-1


[Site "https://www.chess.com"]

[Event "Titled Tuesday Blitz December 27 Late 2022"]
[White "Kozin, Yuri"]
[Black "Petrovic, Aleksa"]
[WhiteFideId "4129920"]
[BlackFideId "967629"]
[WhiteElo "2251"]
[BlackElo "2332"]
[Result "0-1"]
[Round "06"]
[TimeControl "180+2"]
[Date "2022.12.27"]
[WhiteClock "0:00:28"]
[BlackClock "0:00:06"]

1. e4 e6 2. d4 d5 3. Nd2 c5 4. Ngf3 Nc6 5. exd5 exd5 6. Bb5 Nf6 7. O-O Be7 8. dxc5 Bxc5 9. Nb3 Bb6 10. Bg5 O-O 11. Bh4 h6 12. c3 g5 13. Bg3 Ne4 14. c4 Nxg3 15. hxg3 dxc4 16. Bxc4 Qf6 17. Qc2 Bf5 18. Qc3 Qxc3 19. bxc3 Na5 20. Bd5 Rac8 21. Nxa5 Bxa5 22. c4 Bc3 23. Rac1 Bb2 24. Rcd1 Rc5 25. Nd4 Bxd4 26. Rxd4 b5 27. cxb5 Rxb5 28. Bc4 Rc5 29. Bb3 Kg7 30. Ra4 a5 31. Re1 Kf6 32. Rd1 Re8 33. Rd6+ Kg7 34. Ra6 Re1+ 35. Kh2 g4 36. Rc4 Rce5 37. Rc7 Be6 38. Rxf7+ Bxf7 39. Bxf7 Kxf7 40. Rxh6 Re8 41. Rh7+ Kg6 42. Rh4 Kg5 43. Rh7 R1e6 44. f4+ gxf3 45. gxf3 Rh6+ 46. Rxh6 Kxh6 47. Kh3 Re2 0-1


[Site "https://www.chess.com"]

[Event "Titled Tuesday Blitz December 27 Late 2022"]
[White "Krasteva, Beloslava"]
[Black "Eggleston, Thomas A"]
[WhiteFideId "2922029"]
[BlackFideId "412139"]
[WhiteElo "2220"]
[BlackElo "2215"]
[Result "1-0"]
[Round "06"]
[TimeControl "180+2"]
[Date "2022.12.27"]
[WhiteClock "0:00:47"]
[BlackClock "0:00:25"]

1. e4 e6 2. d4 d5 3. e5 c5 4. c3 Nc6 5. Nf3 Qb6 6. Bd3 cxd4 7. O-O Nh6 8. cxd4 Nf5 9. Bxf5 exf5 10. Nc3 Be6 11. Ne2 h6 12. Nf4 g5 13. Nh5 O-O-O 14. a4 g4 15. a5 Qb5 16. Ne1 Be7 17. Nc2 Bg5 18. b4 Kb8 19. Rb1 Bxc1 20. Qxc1 Qc4 21. Qd2 f4 22. Nxf4 Bf5 23. Ne3 Qxd4 24. Qxd4 Nxd4 25. Rbd1 Ne6 26. Nfxd5 Be4 27. Nf6 Bc6 28. Nexg4 Nf4 29. f3 h5 30. Ne3 Nd3 31. Nc4 Nxb4 32. Nd6 Nc2 33. Rb1 Ne3 34. Rfc1 Ka8 35. a6 Rxd6 36. axb7+ Bxb7 37. exd6 Rd8 38. d7 a6 39. Rc7 1-0


[Site "https://www.chess.com"]

[Event "Titled Tuesday Blitz December 27 Late 2022"]
[White "Liu, Kelsey"]
[Black "Estrada Nieto, Julian"]
[WhiteFideId "30944481"]
[BlackFideId "5101018"]
[WhiteElo "2065"]
[BlackElo "2215"]
[Result "1-0"]
[Round "06"]
[TimeControl "180+2"]
[Date "2022.12.27"]
[WhiteClock "0:00:12"]
[BlackClock "0:00:16"]

1. e4 e5 2. Nf3 Nc6 3. Bb5 a6 4. Ba4 Nf6 5. Qe2 Be7 6. c3 b5 7. Bc2 O-O 8. O-O d5 9. exd5 Nxd5 10. Nxe5 Nxe5 11. Qxe5 Bf6 12. Qe4 g6 13. d4 Re8 14. Qf3 Bb7 15. Bh6 Nb4 16. Qd1 Nxc2 17. Qxc2 Qd5 18. f3 c5 19. dxc5 Qxc5+ 20. Kh1 Rad8 21. Nd2 Re2 22. Ne4 Rxc2 23. Nxc5 Bd5 24. Bc1 Bc4 25. Rg1 a5 26. Ne4 Bg7 27. Bg5 Rd5 28. b3 Bd3 29. Nf6+ Bxf6 30. Bxf6 Be2 31. Rgc1 Rdd2 32. Rxc2 Rxc2 33. a3 g5 34. b4 a4 35. Kg1 g4 36. f4 h6 37. Kf2 Bc4+ 38. Kg3 Bd5 39. Rg1 Kh7 40. Kxg4 Bxg2 41. Kf5 Bh3+ 42. Ke4 Re2+ 43. Kd3 Re6 44. Rg7+ Kh8 45. Rxf7+ Kg8 46. Rg7+ Kf8 47. Bd4 Bf5+ 48. Kd2 h5 49. Rg5 Be4 50. Rxh5 Rg6 51. Rxb5 Rg2+ 52. Ke3 Ra2 53. Kxe4 Rxa3 54. Ra5 Ra1 55. Kd5 a3 56. c4 Rd1 57. c5 Rd3 58. c6 a2 59. Rxa2 Ke7 60. c7 Kd7 61. Rc2 Kc8 62. b5 Rb3 63. b6 Rb5+ 64. Kc6 Rb3 65. b7+ Rxb7 66. Rg2 Rxc7+ 67. Kd6 Rd7+ 68. Ke5 Re7+ 69. Kf5 Rh7 70. Bf6 Rxh2 71. Rxh2 Kd7 72. Kg6 Ke6 73. Kg7 Kf5 74. Rf2 Ke4 75. Bb2 Ke3 76. f5 Kxf2 77. f6 Kf3 78. f7 Ke4 79. f8=Q Kd5 80. Qf5+ Kc4 81. Qe4+ Kb3 82. Qd4 Kc2 83. Kf6 Kb1 84. Kf5 Ka2 85. Ke4 Kb3 86. Kd3 Ka2 87. Qa4+ Kxb2 88. Qb4+ Ka2 89. Kc2 Ka1 90. Qb1# 1-0


[Site "https://www.chess.com"]

[Event "Titled Tuesday Blitz December 27 Late 2022"]
[White "Lutz, Igor Oscar"]
[Black "Antonova, Nadezhda"]
[WhiteFideId "2110806"]
[BlackFideId "14700182"]
[WhiteElo "1969"]
[BlackElo "1945"]
[Result "0-1"]
[Round "06"]
[TimeControl "180+2"]
[Date "2022.12.27"]
[WhiteClock "0:00:28"]
[BlackClock "0:00:17"]

1. d4 Nf6 2. c4 g6 3. Nc3 Bg7 4. e4 d6 5. Nf3 O-O 6. Be2 e5 7. Be3 Na6 8. Qc2 Ng4 9. Bg5 f6 10. Bd2 Nh6 11. a3 Nf7 12. d5 f5 13. h4 Nc5 14. b4 Nxe4 15. Nxe4 fxe4 16. Qxe4 Bf5 17. Qe3 a5 18. O-O axb4 19. axb4 Rxa1 20. Rxa1 e4 21. Nd4 Qxh4 22. Nxf5 gxf5 23. Bc3 Ne5 24. Ra7 Bh6 25. Qg3+ Qxg3 26. fxg3 Be3+ 0-1


[Site "https://www.chess.com"]

[Event "Titled Tuesday Blitz December 27 Late 2022"]
[White "Marcolino, Daniel Mattos"]
[Black "Vifleemskaia, Svetlana"]
[WhiteFideId "2106841"]
[BlackFideId "4129490"]
[WhiteElo "2006"]
[BlackElo "1971"]
[Result "0-1"]
[Round "06"]
[TimeControl "180+2"]
[Date "2022.12.27"]
[WhiteClock "0:00:11"]
[BlackClock "0:00:16"]

1. d4 Nf6 2. Nf3 d5 3. g3 b5 4. Bg2 Bb7 5. O-O e6 6. a4 b4 7. c4 dxc4 8. Nbd2 c3 9. bxc3 bxc3 10. Nb1 Bb4 11. Qb3 a5 12. Nxc3 O-O 13. Na2 Bd5 14. Qc2 Be4 15. Qb3 Bd5 16. Qc2 Bd6 17. Nc3 Nc6 18. e4 Bc4 19. Rd1 Nb4 20. Qd2 Be7 21. Ne5 Ba6 22. Ba3 Bb7 23. d5 exd5 24. exd5 Bd6 25. Nc6 Qd7 26. Nb5 Nxc6 27. dxc6 Bxc6 28. Bxc6 Qxc6 29. Nxd6 cxd6 30. Bxd6 Ne4 31. Qf4 Rfe8 32. Rdc1 Qd5 33. Ba3 Qb3 34. Bd6 Nc3 35. Qf3 Ne2+ 36. Kg2 Qxf3+ 37. Kxf3 Nxc1 38. Rxc1 Red8 39. Bc7 Rdc8 40. Bf4 Rxc1 41. Bxc1 Rc8 42. Be3 Rc4 0-1


[Site "https://www.chess.com"]

[Event "Titled Tuesday Blitz December 27 Late 2022"]
[White "Marjanovic, Annamaria"]
[Black "Kazakouski, Valery"]
[WhiteFideId "750930"]
[BlackFideId "13507443"]
[WhiteElo "2273"]
[BlackElo "2539"]
[Result "0-1"]
[Round "06"]
[TimeControl "180+2"]
[Date "2022.12.27"]
[WhiteClock "0:00:09"]
[BlackClock "0:01:00"]

1. c4 e6 2. g3 d5 3. Bg2 Nf6 4. Nf3 dxc4 5. Qa4+ c6 6. Qxc4 b5 7. Qc2 Bb7 8. O-O Nbd7 9. d4 c5 10. dxc5 Bxc5 11. Nc3 Rc8 12. Qd1 Qb6 13. Bf4 O-O 14. Ne5 Rfd8 15. Nxd7 Rxd7 16. Qb3 Bxg2 17. Kxg2 b4 18. Na4 Qb7+ 19. f3 Bf8 20. Rac1 Nd5 21. Bd2 Rxc1 22. Rxc1 Qb5 23. Kf1 h5 24. a3 a5 25. axb4 axb4 26. Rc4 Ra7 27. Nc3 bxc3 28. Qxb5 cxd2 29. Rd4 Ra1+ 30. Kg2 d1=Q 31. Rxd1 Rxd1 32. Qa4 Rd2 33. Kf1 Rxb2 34. Qa8 g6 35. h4 Ne7 36. Qa7 Nf5 37. Kf2 Bg7 38. Qa8+ Kh7 39. Kf1 Nxg3+ 40. Kg2 Nf5 41. Kf1 Bf6 42. Qa7 Kg7 43. Qa8 Nxh4 44. Ke1 Nf5 45. Qa7 h4 46. e4 Ng3 47. f4 Re2+ 48. Kd1 Rxe4 49. f5 exf5 0-1


[Site "https://www.chess.com"]

[Event "Titled Tuesday Blitz December 27 Late 2022"]
[White "Martinez Ramirez, Lennis"]
[Black "Papayan, Oleg"]
[WhiteFideId "3509079"]
[BlackFideId "4193911"]
[WhiteElo "2426"]
[BlackElo "2253"]
[Result "1-0"]
[Round "06"]
[TimeControl "180+2"]
[Date "2022.12.27"]
[WhiteClock "0:01:13"]
[BlackClock "0:00:02"]

1. d4 Nf6 2. c4 e6 3. Nf3 d5 4. Nc3 c5 5. cxd5 Nxd5 6. e4 Nxc3 7. bxc3 cxd4 8. cxd4 Bb4+ 9. Bd2 Bxd2+ 10. Qxd2 O-O 11. Bd3 Nc6 12. Bc4 b6 13. O-O Bb7 14. Rfe1 Rc8 15. Rac1 Na5 16. Bd3 Qe7 17. d5 Rxc1 18. Qxc1 exd5 19. e5 Rc8 20. Qf4 Rc3 21. Bb1 Nc4 22. Ng5 h6 23. e6 hxg5 24. Qb8+ Qf8 25. e7 Qxb8 26. e8=R+ Qxe8 27. Rxe8# 1-0


[Site "https://www.chess.com"]

[Event "Titled Tuesday Blitz December 27 Late 2022"]
[White "Matinian, Nikita"]
[Black "Melkumyan, Hrant"]
[WhiteFideId "24129100"]
[BlackFideId "13302485"]
[WhiteElo "2407"]
[BlackElo "2645"]
[Result "0-1"]
[Round "06"]
[TimeControl "180+2"]
[Date "2022.12.27"]
[WhiteClock "0:00:02"]
[BlackClock "0:00:44"]

1. e4 c5 2. Nc3 Nc6 3. Bb5 g6 4. Bxc6 dxc6 5. f4 Bg7 6. Nf3 Bg4 7. h3 Bxf3 8. Qxf3 Nf6 9. d3 Nd7 10. O-O Qb6 11. Kh1 O-O 12. f5 c4 13. dxc4 Ne5 14. Qe2 Qb4 15. a3 Qxc4 16. Bg5 Qxe2 17. Nxe2 Rfe8 18. Rad1 a5 19. a4 b5 20. axb5 cxb5 21. Rd5 b4 22. b3 e6 23. Rb5 exf5 24. exf5 Nc6 25. Ng3 Nd4 26. Rb7 Nxc2 27. fxg6 fxg6 28. Rff7 Bd4 29. h4 a4 30. bxa4 b3 31. Rfc7 Reb8 32. Ne4 b2 33. Rxb2 Rxb2 34. Nf6+ Bxf6 35. Bxf6 Rb1+ 36. Kh2 Ne3 37. Rg7+ Kf8 38. Kh3 Rh1+ 0-1


[Site "https://www.chess.com"]

[Event "Titled Tuesday Blitz December 27 Late 2022"]
[White "Melikyan, Gnel"]
[Black "Fisher_TheGalactic"]
[WhiteFideId "54109990"]
[WhiteElo "2238"]
[BlackElo "2477"]
[Result "1-0"]
[Round "06"]
[TimeControl "180+2"]
[Date "2022.12.27"]
[WhiteClock "0:01:20"]
[BlackClock "0:01:08"]

1. d4 b6 2. c4 Bb7 3. Nc3 e6 4. e4 Bb4 5. f3 Nf6 6. Be3 O-O 7. Bd3 d5 8. cxd5 exd5 9. e5 Nfd7 10. f4 c5 11. Nf3 h6 12. a3 Bxc3+ 13. bxc3 Nc6 14. O-O Qe7 15. f5 Ndxe5 16. dxe5 Nxe5 17. Nxe5 Qxe5 18. Qd2 Qf6 19. Rae1 Rfe8 20. Bf4 d4 21. c4 Bc6 22. Rxe8+ Rxe8 23. Re1 Rxe1+ 24. Qxe1 Qd8 25. Qe5 Qe8 26. f6 Qxe5 27. Bxe5 gxf6 28. Bxf6 Kf8 29. Kf2 Ke8 30. g4 a6 31. h4 b5 32. h5 Bd7 33. g5 hxg5 34. h6 1-0


[Site "https://www.chess.com"]

[Event "Titled Tuesday Blitz December 27 Late 2022"]
[White "Mendez Fortes, Eduardo Jesus"]
[Black "Tomaszewski, Kacper"]
[WhiteFideId "3502376"]
[BlackFideId "1127373"]
[WhiteElo "2250"]
[BlackElo "2313"]
[Result "0-1"]
[Round "06"]
[TimeControl "180+2"]
[Date "2022.12.27"]
[WhiteClock "0:01:48"]
[BlackClock "0:00:32"]

1. e4 e5 2. Nf3 Nf6 3. d4 Nxe4 4. Bd3 d5 5. Nxe5 Nd7 6. Nxd7 Bxd7 7. O-O Be7 8. Nc3 Nf6 9. Qf3 c6 10. Re1 O-O 11. Bg5 Re8 12. Re2 h6 13. Bxf6 Bxf6 14. Rxe8+ Qxe8 15. Ne2 Qe6 16. c3 Re8 17. h3 Bd8 18. Ng3 Bc7 19. Bf5 Qe7 20. Bxd7 Qxd7 21. Nf5 Re4 22. Kf1 Rf4 23. Nxh6+ gxh6 24. Qg3+ Kh7 25. Re1 Re4 26. Qd3 Qf5 27. Rd1 Rf4 28. Qd2 Qf6 29. Re1 Re4 30. Rd1 Kg7 31. Qd3 Qg6 32. Qd2 Bf4 33. Qd3 Re6 34. Qf3 Bd6 35. Kg1 Rf6 36. Qe2 Qe4 37. Qf1 Bg3 38. Rd2 Bd6 39. Re2 Qf4 40. g3 Qf5 41. Kg2 Qf3+ 42. Kg1 Bxg3 0-1


[Site "https://www.chess.com"]

[Event "Titled Tuesday Blitz December 27 Late 2022"]
[White "Moral Garcia, Serafin"]
[Black "Fernandez Garcia, Gumersindo"]
[WhiteFideId "2201925"]
[BlackFideId "24516740"]
[WhiteElo "2238"]
[BlackElo "2160"]
[Result "1-0"]
[Round "06"]
[TimeControl "180+2"]
[Date "2022.12.27"]
[WhiteClock "0:00:37"]
[BlackClock "0:00:08"]

1. c4 e5 2. Nc3 Nf6 3. Nf3 e4 4. Ng5 b5 5. cxb5 d5 6. d3 h6 7. Nh3 Bb4 8. Qb3 Qe7 9. Nf4 d4 10. a3 Ba5 11. Qa4 Bxc3+ 12. bxc3 dxc3 13. dxe4 O-O 14. f3 a6 15. bxa6 Bxa6 16. Qc2 Qc5 17. Nd3 Qa5 18. Be3 Nc6 19. g4 Rab8 20. Kf2 h5 21. g5 Nh7 22. h4 Bxd3 23. Qxd3 Rfd8 24. Qc4 Ne5 25. Qc5 Qxc5 26. Bxc5 Rb2 27. Be3 c2 28. Bh3 Nc4 29. Rhc1 Nxe3 30. Kxe3 Rb3+ 31. Kf2 Rb2 32. e5 Rdb8 33. Bf5 R8b5 34. Rxc2 Rxc2 35. Bxc2 Rxe5 36. a4 Ra5 37. Rb1 Nf8 38. Rb7 c5 39. Rb5 Rxb5 40. axb5 Nd7 41. Ke3 Nb6 42. Ke4 Kf8 43. f4 Ke7 44. e3 g6 45. Ke5 c4 46. e4 Kd7 47. Kf6 Ke8 48. f5 gxf5 49. exf5 Kf8 50. Ke5 Ke7 51. f6+ Kf8 52. Kd6 c3 53. Kc6 Nc4 54. b6 Ne3 55. Be4 c2 56. Bxc2 Nxc2 57. b7 Nb4+ 58. Kb6 Nd5+ 59. Kc5 Nxf6 60. gxf6 Kg8 61. b8=Q+ Kh7 62. Qf8 Kg6 63. Qg7+ Kf5 64. Qxf7 Kg4 65. Qg6+ Kxh4 66. f7 Kh3 67. f8=Q h4 68. Qf3+ 1-0


[Site "https://www.chess.com"]

[Event "Titled Tuesday Blitz December 27 Late 2022"]
[White "Moreno Perez, Tobias Sebastian"]
[Black "Shtompel, Yuriy"]
[WhiteFideId "186716"]
[BlackFideId "14168278"]
[WhiteElo "2256"]
[BlackElo "1938"]
[Result "1-0"]
[Round "06"]
[TimeControl "180+2"]
[Date "2022.12.27"]
[WhiteClock "0:00:16"]
[BlackClock "0:00:20"]

1. d4 e6 2. Bf4 Nf6 3. e3 c5 4. Nf3 Nc6 5. Nbd2 d5 6. c3 Bd6 7. Bg3 O-O 8. Bb5 a6 9. Bxc6 bxc6 10. Bxd6 Qxd6 11. dxc5 Qxc5 12. O-O a5 13. c4 Ba6 14. Rc1 Qb4 15. Qc2 Rab8 16. b3 Rfc8 17. Rfd1 Nd7 18. c5 Qg4 19. h3 Qg6 20. Qxg6 hxg6 21. e4 Rb5 22. exd5 exd5 23. Nd4 Rxc5 24. Rxc5 Nxc5 25. Rc1 Ne6 26. Nxc6 Kf8 27. Nf3 f6 28. Rc2 Bd3 29. Rd2 Be4 30. Ncd4 Rc1+ 31. Kh2 Nf4 32. a3 Nd3 33. b4 axb4 34. axb4 Rb1 35. b5 Kf7 36. Ra2 Nc5 37. Ra7+ Kf8 38. Rc7 Na4 39. Ne6+ Kg8 40. Rxg7+ Kh8 41. Nfd4 Nc3 42. f3 Bf5 43. Rb7 Bxe6 44. Nxe6 Rxb5 45. Rxb5 Nxb5 46. Nf4 d4 47. Nxg6+ Kg7 48. Nf4 Nd6 49. Nd3 f5 50. Kg3 Kf6 51. Kf4 Ne8 52. g4 Ng7 53. Nc5 Ne6+ 54. Nxe6 d3 55. Ke3 d2 56. Kxd2 Kxe6 57. Ke3 fxg4 58. fxg4 Kf6 59. Kf3 Kg6 60. Kg3 Kg5 61. h4+ Kh6 62. h5 Kg5 63. Kh3 Kh6 64. Kg3 Kg5 65. Kh3 Kh6 66. Kh4 Kg7 67. g5 Kh7 68. Kg4 Kg7 69. h6+ Kh7 70. Kh4 Kg6 71. Kg4 Kh7 72. Kh5 Kg8 73. g6 Kh8 74. Kg5 Kg8 75. Kf6 Kh8 76. g7+ Kg8 77. h7+ Kxh7 78. Kf7 Kh6 79. g8=Q Kh5 80. Qg3 Kh6 81. Qg6# 1-0


[Site "https://www.chess.com"]

[Event "Titled Tuesday Blitz December 27 Late 2022"]
[White "Moskvin, Anatoly"]
[Black "Araujo Sanchez, Josue"]
[WhiteFideId "24199990"]
[BlackFideId "6416896"]
[WhiteElo "2189"]
[BlackElo "2303"]
[Result "0-1"]
[Round "06"]
[TimeControl "180+2"]
[Date "2022.12.27"]
[WhiteClock "0:00:15"]
[BlackClock "0:01:20"]

1. e4 c5 2. Nf3 Nc6 3. Bb5 e6 4. O-O Nge7 5. Re1 a6 6. Bf1 Qc7 7. c3 d5 8. exd5 Nxd5 9. d4 cxd4 10. Nxd4 Be7 11. Nxc6 Qxc6 12. Nd2 O-O 13. Nf3 b5 14. a4 Bb7 15. axb5 axb5 16. Rxa8 Bxa8 17. Nd4 Qb7 18. Nxb5 Rd8 19. Qg4 Nf6 20. Qg3 Ne4 21. Qf4 Ng5 22. f3 Rd5 23. Nd4 Bd6 24. Qh4 h6 25. Bf4 e5 26. Bxg5 hxg5 27. Qxg5 exd4 28. Re8+ Bf8 29. Qh4 dxc3 30. bxc3 Rd1 31. Qf2 Qc6 32. Rb8 Bb7 33. h3 Ba6 34. Kh2 Qd6+ 0-1


[Site "https://www.chess.com"]

[Event "Titled Tuesday Blitz December 27 Late 2022"]
[White "Mushini Ajay"]
[Black "Clawitter, Craig"]
[WhiteFideId "35066188"]
[BlackFideId "2023105"]
[WhiteElo "2310"]
[BlackElo "2050"]
[Result "1-0"]
[Round "06"]
[TimeControl "180+2"]
[Date "2022.12.27"]
[WhiteClock "0:00:18"]
[BlackClock "0:00:01"]

1. e4 e6 2. d4 d5 3. Nc3 Bb4 4. e5 c5 5. Bd2 Nh6 6. Bxh6 gxh6 7. a3 Ba5 8. b4 cxd4 9. Nb5 Bc7 10. f4 Bd7 11. Nf3 Bxb5 12. Bxb5+ Nd7 13. Qxd4 O-O 14. f5 Kh8 15. f6 Rg8 16. Bd3 Rxg2 17. O-O-O Bb6 18. Qf4 Qf8 19. h4 a5 20. Ng5 axb4 21. Nxh7 Qc5 22. Qxh6 Qe3+ 23. Qxe3 Bxe3+ 24. Kb2 bxa3+ 25. Ka2 Nc5 26. Ng5 Nxd3 27. Rxd3 Rxc2+ 28. Kb3 Rb2+ 29. Kc3 Bxg5 30. hxg5+ Kg8 31. Rdh3 Rc8+ 32. Kd3 Rb3+ 33. Kd2 Rxh3 34. Rxh3 1-0


[Site "https://www.chess.com"]

[Event "Titled Tuesday Blitz December 27 Late 2022"]
[White "Novikov, Evgenij"]
[Black "Martinez Reyes, Pedro Ramon"]
[WhiteFideId "4125380"]
[BlackFideId "3901807"]
[WhiteElo "2276"]
[BlackElo "2376"]
[Result "0-1"]
[Round "06"]
[TimeControl "180+2"]
[Date "2022.12.27"]
[WhiteClock "0:00:02"]
[BlackClock "0:01:34"]

1. e4 Nf6 2. e5 Ng8 3. Nf3 d6 4. Bc4 d5 5. Be2 Bg4 6. d4 e6 7. h3 Bxf3 8. Bxf3 c5 9. c3 cxd4 10. cxd4 Nc6 11. O-O Qb6 12. Be3 Nge7 13. Nc3 Nf5 14. Na4 Qd8 15. Rc1 Be7 16. Nc5 Bxc5 17. Rxc5 O-O 18. Qd3 Rc8 19. Rfc1 Qb6 20. b3 Nxe3 21. Qxe3 Qb4 22. Be2 h6 23. Bb5 Ne7 24. Rxc8 Rxc8 25. Rxc8+ Nxc8 26. Bd3 Ne7 27. Bc2 Nc6 28. Qd3 g6 29. Qe3 Qxd4 30. Qxh6 Qa1+ 31. Kh2 Qxe5+ 32. Kg1 Nd4 33. Bd3 Qe1+ 34. Kh2 Qxf2 35. Bxg6 Nf3+ 36. Kh1 Qg1# 0-1


[Site "https://www.chess.com"]

[Event "Titled Tuesday Blitz December 27 Late 2022"]
[White "Omariev, Maksim"]
[Black "Dias, Joao Batista"]
[WhiteFideId "4193423"]
[BlackFideId "2108240"]
[WhiteElo "2304"]
[BlackElo "1796"]
[Result "1-0"]
[Round "06"]
[TimeControl "180+2"]
[Date "2022.12.27"]
[WhiteClock "0:00:08"]
[BlackClock "0:00:01"]

1. h4 e5 2. h5 h6 3. c3 Nf6 4. d4 exd4 5. cxd4 d5 6. e3 Bd6 7. Be2 c6 8. Nc3 O-O 9. Nf3 Re8 10. Qc2 Na6 11. a3 Nc7 12. b4 Bg4 13. Nh4 Bxe2 14. Qxe2 Qd7 15. Qf3 Ne4 16. Bb2 Nxc3 17. Bxc3 Re4 18. Nf5 Rae8 19. Kf1 Bf8 20. Rh3 Ne6 21. Rh4 Ng5 22. Rxe4 Nxf3 23. Rxe8 Qxe8 24. gxf3 Qe6 25. Ng3 Qh3+ 26. Ke2 Bd6 27. Rh1 Qg2 28. f4 a5 29. bxa5 Bxa3 30. Rb1 Qh3 31. Rxb7 Qg4+ 32. Ke1 Qc8 33. a6 Kh7 34. Ba5 c5 35. dxc5 Bxc5 36. Bc7 d4 37. exd4 Bxd4 38. Ne2 Bc5 39. Be5 Qc6 40. Rc7 Qh1+ 41. Kd2 Bb6 42. Rb7 Qd5+ 43. Ke1 Ba5+ 44. Kf1 Qh1+ 45. Ng1 Qd5 46. Ne2 Bd2 47. Ng3 Qc4+ 48. Kg2 Qxa6 49. Rxf7 Qc6+ 50. Kh2 Qf3 51. Rxg7+ Kh8 52. Rg6+ Kh7 53. Rg7+ Kh8 54. Nf5 Qxh5+ 55. Kg3 Qxf5 56. Rg5+ Qxe5 57. Rxe5 Kg7 58. Re6 Bc3 59. Kg4 Bd2 60. f3 Bc3 61. f5 Bb2 62. Rg6+ Kh7 63. f4 Bc3 64. Kh5 Bd4 65. Rxh6+ Kg7 66. Rg6+ Kf7 67. Kg4 Bh8 68. Re6 Bc3 69. Kg5 Bb2 70. Rb6 Bc3 71. Rb7+ Kf8 72. Kg6 Bd4 73. f6 1-0


[Site "https://www.chess.com"]